 Dungeon Crawl Stone Soup version 0.26-a0-227-g1af32d979d (webtiles) character file.

Game seed: 12581551361422010619

(classic levelgen) 70 EnegeticOcto the Skirmisher (level 4, -3/38 HPs)
             Began as a Mummy Chaos Knight on July 7, 2020.
             Was a Plaything of Xom.
             Slain by a worm (8 damage)
             ... on level 2 of the Dungeon.
             The game lasted 00:00:58 (789 turns).

EnegeticOcto the Skirmisher (Mummy Chaos Knight)     Turns: 789, Time: 00:00:59

Health: -3/38      AC:  5    Str: 16    XL:     4   Next: 4%
Magic:  4/4        EV: 11    Int: 11    God:    Xom [..*...]
Gold:   0          SH:  0    Dex: 11    Spells: 3/3 levels left

rFire    x . .     SeeInvis .   a - +0 spear (chaos)
rCold    + . .     Faith    .   (no shield)
rNeg     + + +     Spirit   .   b - +2 leather armour
rPois    ∞         Reflect  .   (no helmet)
rElec    .         Harm     .   (no cloak)
rCorr    .                      (no gloves)
MR       .....                  (no boots)
Stlth    +.........             (no amulet)
HPRegen  0.12/turn              (no ring)
MPRegen  0.09/turn              (no ring)

@: no status effects
A: no food or potions, fire vulnerability, cold resistance 1, negative energy
resistance 3, torment resistance, unbreathing
a: Renounce Religion


You were on level 2 of the Dungeon.
You worshipped Xom.
You were a toy of Xom.
You were not hungry.

You visited 1 branch of the dungeon, and saw 2 of its levels.

Inventory:

Hand Weapons
 a - a +0 spear of chaos (weapon)
Missiles
 c - 12 arrows
 e - 5 boomerangs (quivered)
Armour
 b - a +2 leather armour (worn)
Scrolls
 d - a scroll of fear {unknown}
 f - a scroll of identify {unknown}
 g - a scroll of remove curse {unknown}


   Skills:
 + Level 4.9 Fighting
 - Level 2.4 Polearms
 - Level 1.5 Armour
 - Level 0.7 Dodging


You had 3 spell levels left.
You didn't know any spells.
Your spell library was empty.

Dungeon Overview and Level Annotations

Branches:
Dungeon (2/15)

Altars:


Innate Abilities, Weirdness & Mutations

You do not eat or drink.
Your flesh is vulnerable to fire.
You are immune to poison.
Your flesh is cold resistant. (rC+)
You are immune to negative energy. (rN+++)
You are immune to unholy pain and torment.
You can survive without breathing.


Message History

Natasha howls an incantation.
You feel disoriented.
Natasha mumbles some strange words.
Natasha howls an incantation.
You feel disoriented.
Attack whom?
Press: ? - help, Dir - move target cursor, f - kobold
Aim: a kobold, wielding a +0 long sword and wearing a +0 robe You reach to attack!
You hit the kobold.
The kobold is moderately wounded.
You hit the kobold. Lightning courses through the kobold!
You kill the kobold!
You hit the giant cockroach.
The giant cockroach is heavily wounded.
The giant cockroach bites you but does no damage.
You completely miss the giant cockroach.
The giant cockroach is heavily wounded.
The giant cockroach barely misses you.
You hit the giant cockroach.
The giant cockroach is poisoned.
The giant cockroach is almost dead.
You kill the giant cockroach!
You hit Natasha.
Natasha's magic leaks into the air.
Natasha is moderately wounded.
Natasha closely misses you.
You hit Natasha but do no damage.
Natasha flickers and vanishes!
Deactivating autopickup; reactivate with Ctrl-A.
Something claws you.
Attack whom?
Press: ? - help, Dir - move target cursor, f - crimson imp
Aim: a crimson imp (summoned)
Something you can't see is in the way.
You hit something.
Reactivating autopickup.
The crimson imp disappears in a puff of smoke!
You feel a bit more experienced.
No target in view!
No target in view!
No target in view!
No target in view!
No target in view!
No target in view!
No target in view!
No target in view!
No target in view!
No target in view!
No target in view!
No target in view!
No target in view!
No target in view!
No target in view!
No target in view!
No target in view!
No target in view!
No target in view!
g - a scroll labeled NUKLEMN NEACAO
Things that are here:
a +0 long sword; a +0 robe; a kobold corpse
Found a stone staircase leading down.
A worm comes into view.
A worm is nearby!
Attack whom?
Press: ? - help, Dir - move target cursor, f - worm
Aim: a worm You reach to attack!
You barely miss the worm. You hit the worm.
The worm seems to slow down.
The worm is moderately wounded.
You hit the worm. You freeze the worm.
The worm is moderately wounded.
The worm bites you but does no damage.
You completely miss the worm.
The worm is moderately wounded.
You hit the worm. You burn the worm.
The worm is heavily wounded.
The worm is no longer moving slowly.
You barely miss the worm.
The worm is heavily wounded.
The worm closely misses you.
You barely miss the worm.
The worm is heavily wounded.
The worm bites you!
You hit the worm. You freeze the worm.
The worm is severely wounded.
You hit the worm.
The worm flickers and vanishes!
Deactivating autopickup; reactivate with Ctrl-A.
Something bites you.
You are too injured to fight recklessly!
You are too injured to fight recklessly!
You are too injured to fight recklessly!
You are too injured to fight recklessly!
There is a strange disturbance nearby!
You hit something. You hit something.
Reactivating autopickup.
You have reached level 4!
You feel a bit more experienced. Something bites you!
Deactivating autopickup; reactivate with Ctrl-A.
Something bites you. Something bites you!
* * * LOW HITPOINT WARNING * * *
Something bites you!
You die...

#...###.......#......
#.#...#.......#......
#.#...#......(#......
#.#...........#......
#.#.......#...#5.....
###>........'..........
#...........#...#......
#......######..........
#.....@..# ##..
#$.......# ..........#
.............
.............#
...#####.....# ..
....... ........


There were no monsters in sight!

Vanquished Creatures
  Natasha (D:2)
  2 oozes (D:1)
  A worm (D:2)
  A dart slug (D:1)
  3 bats (D:1)
  4 giant cockroaches
  3 goblins (D:1)
  6 hobgoblins (D:1)
  4 kobolds
  A quokka (D:2)
  A ball python (D:1)
  2 frilled lizards (D:1)
  2 rats
31 creatures vanquished.

Notes
Turn   | Place    | Note
-------+----------+-------------------------------------------
     0 | D:1      | EnegeticOcto the Mummy Chaos Knight began the quest for the
                  | Orb.
     0 | D:1      | Reached XP level 1. HP: 18/18 MP: 1/1
    58 | D:1      | XOM: potion effect (brilliance)
    69 | D:1      | Reached XP level 2. HP: 24/24 MP: 2/2
   199 | D:1      | Reached skill level 4 in Fighting
   251 | D:1      | XOM: divination: detect items
   362 | D:1      | Reached XP level 3. HP: 30/30 MP: 3/3
   458 | D:1      | XOM: noise
   721 | D:2      | Noticed Natasha
   737 | D:2      | Killed Natasha
   784 | D:2      | Reached XP level 4. HP: 22/38 MP: 4/4
   789 | D:2      | Slain by a worm

Illustrated notes

Levels and vault maps discovered:
D:1:      dpeg_arrival_lava_temple_mockup, layout_loops_corners
D:2:      layout_basic, first_ration, uniq_natasha

Skill      XL: |  1  2 |
---------------+-------+-----
Fighting       | 4 |  4.9
Polearms       | |  2.4
Armour         | |  1.5
Dodging        | |  0.7

Action                   |  1- 3 |  4- 6 || total
-------------------------+-------+-------++-------
Melee: Spear             |   104 |       ||   104
Armor: Leather armour    |    26 |       ||    26
Dodge: Dodged            |    48 |       ||    48

Table legend:
 A = Non-vault XP
 B = Vault XP
 C = Vault XP percentage of total XP
 D = Non-vault monster count
 E = Vault monster count
 F = Vault count percentage of total count
                 A         B        C        D         E       F
            +---------+---------+-------+---------+---------+-------
      Total |      66 |      35 |  34.7 |      30 |       1 |   3.2
            +---------+---------+-------+---------+---------+-------
        D:1 |      52 |       0 |   0.0 |      23 |       0 |   0.0
        D:2 |      14 |      35 |  71.4 |       7 |       1 |  12.5
            +---------+---------+-------+---------+---------+-------
